 Dungeon Crawl Stone Soup version 0.28-a0-397-g1a7b1a870f (webtiles) character file.

Game seed: 533317152917405800

117 GordonOverkill the Grave Robber (level 4, 0/22 HPs)
             Began as a Felid Necromancer on Sept 4, 2021.
             Slain by an orc (3 damage)
             ... on level 4 of the Dungeon.
             The game lasted 00:07:26 (6213 turns).

GordonOverkill the Grave Robber (Felid Necromancer) Turns: 6213, Time: 00:07:27

Health: 0/22       AC:  1    Str:  8    XL:     4   Next: 71%
Magic:  0/11       EV: 17    Int: 18    God:
Gold:   904        SH:  0    Dex: 16    Spells: 5/11 levels left
                                        Lives:  0   Deaths: 1

rFire   . . .      SeeInvis +   (weapon unavailable)
rCold   . . .      Faith    .   (shield unavailable)
rNeg    . . .      Spirit   .   (armour unavailable)
rPois   +          Reflect  .   (helmet unavailable)
rElec   .          Harm     .   (cloak unavailable)
rCorr   .          Rampage  .   (gloves unavailable)
Will    +....                   (boots unavailable)
Stlth   ++........              g - amulet "Ystigum" {Acrobat Str+4}
HPRegen 0.07/turn               (no ring)
MPRegen 0.12/turn               (no ring)

@: very slightly contaminated, quick
A: very small, claws 1, fangs 3, see invisible, speed 1, shaggy fur 1, stealthy
paws, no weapons or thrown items, no armour, multi-lived, antennae 1,
strong-willed 1, poison resistance
a: no special abilities


You were on level 4 of the Dungeon.
You visited 1 branch of the dungeon, and saw 4 of its levels.

You collected 904 gold pieces.

Inventory:

Jewellery
 c - an amulet of guardian spirit
 g - the amulet "Ystigum" (around neck) {Acrobat Str+4}
   (You found it on level 4 of the Dungeon)

   [amulet of the acrobat]

   It increases your evasion while moving and waiting.
   Str:       It affects your strength (+4).
Scrolls
 d - a scroll of fear
 f - a scroll of vulnerability {unknown}
Potions
 b - 2 potions of curing


   Skills:
 + Level 3.7 Fighting
 - Level 2.6 Dodging
 - Level 2.6 Stealth
 + Level 4.0 Spellcasting
 - Level 4.0 Necromancy


You had 5 spell levels left.
You knew the following spells:

 Your Spells              Type           Power      Damage    Failure   Level
a - Pain                  Necr           72%        1d7       2%          1
b - Vampiric Draining     Necr           9%         2d7       9%          3
c - Blink                 Tloc           N/A        N/A       22%         2

Your spell library contained the following spells:

 Spells                   Type           Power      Damage    Failure   Level
 Animate Skeleton         Necr           36%        N/A       2%          1
 Animate Dead             Necr           9%         N/A       28%         4
 Lesser Beckoning         Tloc           3%         N/A       41%         3
 Agony                    Necr           18%        N/A       61%         5
 Manifold Assault         Tloc           3%         N/A       99%         5
 Storm Form               Tmut/Air       1%         N/A       100%        7


Dungeon Overview and Level Annotations

Branches:
Dungeon (4/15)
 Temple: D:4-7

Altars:
Zin

Shops:
D:4 (


Innate Abilities, Weirdness & Mutations

You have sharp claws.
You have razor-sharp teeth.
You have supernaturally acute eyesight. (SInv)
You cover ground quickly. (Speed+)
You are covered in fur. (AC +1)
Your paws help you pounce on unaware monsters.
You are incapable of wielding weapons or throwing items.
You cannot wear armour.
You gain extra lives every three experience levels.
You have a pair of small antennae on your head.
You are strong-willed. (Will+)
Your system is resistant to poisons. (rPois)


Message History

Aim: an orc priest, wielding a +0 whip (chance to affect: 78%)
The orc priest writhes in agony.
The orc wizard closely misses you. The orc priest hits you with a +0 whip.
* * * LOW HITPOINT WARNING * * *
Casting: Pain (safe; 2% risk of failure)
Confirm with . or Enter, or press ? or * to list all spells.
Aiming: Pain (safe; 2% risk of failure)
Press: ? - help, Shift-Dir - straight line, f/p - orc priest
Aim: an orc priest, wielding a +0 whip (moderately wounded, chance to affect: 78%)
The orc priest writhes in agony!
The orc wizard hits you but does no damage.
The orc priest hits you with a +0 whip.
* * * LOW HITPOINT WARNING * * *
Casting: Pain (safe; 2% risk of failure)
Confirm with . or Enter, or press ? or * to list all spells.
Aiming: Pain (safe; 2% risk of failure)
Press: ? - help, Shift-Dir - straight line, f/p - orc priest
Aim: an orc priest, wielding a +0 whip (severely wounded, chance to affect: 78%)
The orc priest barely resists.
The orc misses you.
A kobold comes into view. It is wielding a +0 dagger.
The orc wizard barely misses you. The orc priest closely misses you.
Casting: Pain (safe; 2% risk of failure)
Confirm with . or Enter, or press ? or * to list all spells.
Aiming: Pain (safe; 2% risk of failure)
Press: ? - help, Shift-Dir - straight line, f/p - orc priest
Aim: an orc priest, wielding a +0 whip (severely wounded, chance to affect: 78%)
The orc priest barely resists.
The kobold shouts!
The orc barely misses you. The orc wizard closely misses you.
The orc priest barely misses you.
Your magical contamination has completely faded away.
Casting: Pain (safe; 2% risk of failure)
Confirm with . or Enter, or press ? or * to list all spells.
Aiming: Pain (safe; 2% risk of failure)
Press: ? - help, Shift-Dir - straight line, f/p - orc priest
Aim: an orc priest, wielding a +0 whip (severely wounded, chance to affect: 78%)
You miscast Pain.
You are very lightly contaminated with residual magic.
Nothing appears to happen.
The orc hits you with a +0 mace.
You die...

..# #.......#,,,,*,,,,*,,,*,,,,
.######.......#***+******,,,*,,,,
###...#....####*,,,**,,**,,,*,,,,
.##...+....#,,,,,,,*,,,*,,,,**+**
..'...#....#,,,,,,,*,,,*,,,,*,,,,
..#...#....#####+###*,,#*,,,**,,,
.###'##....#..##...##..#*,,,**,,,
###...#....'....oo......,,,,*****
<.#...#....#....@o....K.,,,,**,,*
..'...#....#..##...##..#*,,,**,,,
..#####....#..##...#*,,**,,,**,,,
...........#..<#...+,,,,,,,,,,,,,
...........#...#...#,,,,,,,,**+**
...........#..##...#*,,,,,,,*,,,,
...........#..##...#*,,**,,,*,,,,
...........#..#....#*,,******,,,,
#######....#..#,,,,,*,,,*,,,*,,,,


You could see an orc priest, an orc wizard (invisible), an orc and a kobold.

Vanquished Creatures
  A water moccasin skeleton (D:4)
  An iguana (D:4)
  3 gnolls (D:2)
  5 adders
  A worm (D:2)
  4 dart slugs
  3 orcs (D:3)
  6 ball pythons
  4 endoplasms (D:3)
  2 giant cockroaches
  3 goblins
  4 hobgoblins
  3 quokkas
  2 bats (D:1)
  3 frilled lizards (D:1)
  5 kobolds
  4 rats
54 creatures vanquished.

Notes
Turn   | Place    | Note
-------+----------+-------------------------------------------
     0 | D:1      | GordonOverkill the Felid Necromancer began the quest for
                  | the Orb.
     0 | D:1      | Reached XP level 1. HP: 7/7 MP: 4/4
   520 | D:1      | Reached skill level 1 in Fighting
   733 | D:1      | Reached XP level 2. HP: 11/12 MP: 4/6
  2894 | D:2      | Reached XP level 3. HP: 12/16 MP: 4/8
  3023 | D:2      | Learned a level 3 spell: Vampiric Draining
  3414 | D:2      | Reached XP level 4. HP: 2/20 MP: 3/9
  3814 | D:2      | Found a faded altar of an unknown god.
  3924 | D:3      | Learned a level 2 spell: Blink
  3926 | D:3      | Identified a scroll of acquirement
  3926 | D:3      | Acquired 752 gold pieces
  4963 | D:3      | Found a glowing silver altar of Zin.
  5771 | D:4      | Found Dein's Weapon Shoppe.
  5844 | D:4      | Reached XP level 5. HP: 24/24 MP: 11/11
  6089 | D:4      | Identified the amulet "Ystigum" {Acrobat Str+4}
  6135 | D:4      | Noticed a black bear
  6143 | D:4      | Gained mutation: You are strong-willed. (Will+) [potion of
                  | mutation]
  6143 | D:4      | Gained mutation: You have a pair of small antennae on your
                  | head. [potion of mutation]
  6143 | D:4      | Gained mutation: Your system is resistant to poisons.
                  | (rPois) [potion of mutation]
  6161 | D:4      | Slain by a black bear
  6162 | D:4      | Reached XP level 4. HP: 0/21 MP: 1/10
  6213 | D:4      | Slain by an orc

Illustrated notes

Levels and vault maps discovered:
D:1:      nicolae_arrival_somewhat_less_tricky_arrival, layout_rooms,
          kennysheep_flooded_box, hex_tiny
D:2:      layout_basic, chequers_ecumenical_altar_grove
D:3:      layout_basic, mainiacjoe_overflow_six_doors_small
D:4:      layout_gridville, serial_shops, shop, portal_sewer_entry_d

Skill      XL: |  1  2  3  4 |
---------------+-------------+-----
Fighting       | 1 2 3 |  3.7
Spellcasting   | 3 4 |  4.0
Dodging        | |  2.6
Stealth        | |  2.6
Necromancy     | |  4.0

Action                   |  1- 3 |  4- 6 || total
-------------------------+-------+-------++-------
Melee: Unarmed           |       |    13 ||    13
 Cast: Pain              |    69 |    77 ||   146
       Vampiric Draining |       |     3 ||     3
  Use: Scroll            |       |     7 ||     7
       Potion            |       |     8 ||     8
 Stab: Sleeping          |       |     2 ||     2
Armor: Skin              |       |    12 ||    12
Dodge: Dodged            |     6 |    44 ||    50

Table legend: (Time is in decaauts)
 A = Elapsed time spent in this place.
 B = Non-inter-level travel time spent in this place.
 C = Inter-level travel time spent in this place.
 D = Time resting spent in this place.
 E = Time spent auto-exploring this place.
 F = Levels seen in this place.
 G = Mean time per level.
                   A        B        C        D        E       F      G
               +--------+--------+--------+--------+--------+-----+--------+
         Total |   5653 |   5620 |     33 |   3077 |   1784 |   4 | 1413.2 |
       Dungeon |   5653 |   5620 |     33 |   3077 |   1784 |   4 | 1413.2 |
               +--------+--------+--------+--------+--------+-----+--------+

Top non-repeatable levels by time:
     D:2: 2577 daAuts
     D:3: 1418 daAuts
     D:1: 1055 daAuts
     D:4: 602 daAuts
